 Dungeon Crawl Stone Soup version 0.32-a0-481-g9ce6b883f8 (webtiles) character file.

Game seed: 13771346399201161798

18125 Gargoyl the Cleaver (level 12, -3/77 HPs)
             Began as a Gargoyle Berserker on Feb 26, 2024.
             Was a Believer of Trog.
             Slain by a blink frog (13 damage)
             ... on level 2 of the Lair of Beasts.
             The game lasted 00:19:48 (10997 turns).

Gargoyl the Cleaver (Gargoyle Berserker)           Turns: 10997, Time: 00:19:48

Health: -3/77      AC: 25    Str: 26    XL:     12   Next: 55%
Magic:  12/12      EV: 11    Int:  9    God:    Trog [**....]
Gold:   767        SH:  5    Dex: 13    Spells: 11/11 levels left

rFire   . . .        E - +0 war axe
rCold   . . .        (no shield)
rNeg    + . .        q - +1 chain mail
rPois   ∞            a - +2 hat
rElec   +            D - +0 cloak
rCorr   .            (no gloves)
SInv    .            (no boots)
Will    .....        c - amulet of reflection Stlth
                     u - ring "Daonoluf" {Fly Str+5}
HPRegen 0.32/turn    (no ring)
MPRegen 0.13/turn

%: reflection
@: on berserk cooldown, flying, slowed, very slow
A: sickness immunity, AC +8, negative energy resistance 1, electricity
resistance, torment resistance 1, petrification resistance
a: Renounce Religion, Berserk, Trog's Hand


You were on level 2 of the Lair of Beasts.
You worshipped Trog.
Trog was pleased with you.
You visited 2 branches of the dungeon, and saw 12 of its levels.

You collected 767 gold pieces.

Inventory:

Hand Weapons
 E - a +0 war axe (weapon)
 G - a +3 scimitar of flaming
Missiles
 h - 20 poisoned darts (quivered)
 n - 2 curare-tipped darts
 x - 3 throwing nets
Armour
 a - a +2 hat (worn)
 q - a +1 chain mail (worn)
 D - a +0 cloak (worn)
Jewellery
 c - an amulet of reflection (around neck)
 s - a +6 ring of intelligence
 u - the ring "Daonoluf" (left hand) {Fly Str+5}
   (You found it on level 9 of the Dungeon)

   [ring of flight]

   Str+5:     It affects your strength (+5).
   Fly:       It grants you flight.
 B - a ring of ice
 C - a +5 ring of evasion
 F - an amulet of faith
Wands
 f - a wand of paralysis (18)
 m - a wand of roots (12)
 r - a wand of flame (14)
 A - a wand of polymorph (7)
Scrolls
 g - a scroll of revelation
 i - a scroll of immolation
 o - 2 scrolls of teleportation
 v - a scroll of silence
 w - 3 scrolls of identify
 y - 3 scrolls of enchant armour
Potions
 b - a potion of lignification
 d - 7 potions of curing
 e - 4 potions of haste
 j - 2 potions of enlightenment
 k - 4 potions of degeneration {unknown}
 l - 3 potions of attraction {unknown}
 p - a potion of might {unknown}


   Skills:
 + Level 9.7 Fighting
 + Level 12.3 Axes
 + Level 1.0 Throwing
 + Level 10.3 Armour
 + Level 5.5 Dodging
 + Level 3.7 Stealth
 + Level 6.9 Shields
 + Level 0.4 Evocations


You had 11 spell levels left.
You didn't know any spells.
Your spell library was empty.

Dungeon Overview and Level Annotations

Branches:
Dungeon (10/15)            Temple (0/1) D:6            Lair (2/5) D:10
 Shoals (0/4) Lair:2        Snake (0/4) Lair:2          Orc (0/2) D:9

Altars:
Uskayaw
Vehumet
Xom
Zin

Shops:
D:1 ?:=(   D:5 [   D:6 !   D:7 =   D:8 :

Annotations:
D:7 2 transporters, TotallyNotGC's ghost, novice MiBe


Innate Abilities, Weirdness & Mutations

You are immune to sickness and miasma.
Your stone body is resilient. (AC +8)
You are immune to poison.
You resist negative energy. (rN+)
You are resistant to electric shocks. (rElec)
You are resistant to unholy torment.
You are immune to petrification.


Message History

Unknown command.
You hit the water moccasin but do no damage.
The water moccasin is severely wounded.
You feel the effects of Trog's Hand fading.
The water moccasin bites you.
* * * LOW HITPOINT WARNING * * *
The water moccasin bites you but does no damage.
Unknown command.
You barely miss the water moccasin.
The water moccasin is severely wounded.
You block the water moccasin's attack.
The water moccasin completely misses you.
Unknown command.
You slash the water moccasin!
The water moccasin is almost dead.
The water moccasin bites you but does no damage. x2
The blink frog hits you but does no damage.
You slash the water moccasin!
You kill the water moccasin!
Trog accepts your kill.
You closely miss the blink frog.
The blink frog hits you but does no damage. x2
Unknown command.
You hit the blink frog but do no damage.
The blink frog is almost dead.
Your skin stops crawling.
You feel less strong-willed.
The blink frog blinks!
You swing at nothing.
The blink frog blinks! x2
You swing at nothing.
You block the blink frog's attack.
You barely miss the blink frog.
The blink frog is almost dead.
The blink frog blinks!
The blink frog blinks!
You swing at nothing.
The blink frog blinks!
You swing at nothing.
The blink frog blinks!
You swing at nothing.
The blink frog blinks!
You swing at nothing.
The blink frog hits you.
* * * LOW HITPOINT WARNING * * *
You miss the blink frog. The blink frog hits you!
You die...

.....~~~~~...## ## ##
..............##P##..
P.......#.....P.....
##..##.....†).P..##
.#..#.P..†..P....#
......))†..P..#
#..PP..)†.....###
#..P.P...........
#.P..P.>.@..P....
#........F.......
...P.......P.....
..P....P..P.P....
.#...P.$..PP.....
.#...P...P...>..
##.............
###.##........


You could see a blink frog.

Vanquished Creatures
  Snorg (D:10)
  Fannar (D:10)
  Erica (D:10)
  2 two-headed ogres (D:9)
  Maurice (D:10)
  An oklob plant (Lair:1)
  A black mamba (Lair:1)
  Joseph (D:8)
  Maggie (D:10)
  A komodo dragon (Lair:1)
  Grinder (D:5)
  10 blink frogs
  Sigmund (D:3)
  A vampire (D:9)
  A wyvern (D:9)
  2 basilisks (Lair:1)
  2 wraiths
  25 yaks
  Grum (Lair:1)
  2 vampire mosquitoes (D:10)
  2 steam dragons (D:8)
  Edmund (D:5)
  A naga (Lair:2)
  10 water moccasins
  Duvessa (D:4)
  2 ice beasts
  3 orc warriors
  4 ogres
  8 wolves
  4 centaurs (Lair:2)
  A kobold brigand (D:8)
  8 bullfrogs
  4 scorpions (D:8)
  A gnoll sergeant (D:9)
  Dowan (D:4)
  12 killer bees
  2 howler monkeys
  4 hounds
  A jelly (D:7)
  A bombardier beetle (D:5)
  12 orc priests
  4 sleepcaps
  A gnoll bouda (D:9)
  3 iguanas
  12 orc wizards
  10 gnolls (D:9)
  9 adders
  2 shadow imps
  A white imp (D:8)
  2 ufetubi (D:6)
  A dart slug (D:1)
  44 orcs
  2 ball pythons (D:3)
  5 bats
  7 endoplasms
  3 giant cockroaches
  8 goblins
  6 hobgoblins
  4 jackals
  12 kobolds
  5 quokkas
  6 frilled lizards
  11 rats
298 creatures vanquished.

Vanquished Creatures (others)
  A killer bee (D:7)
1 creature vanquished.

Grand Total: 299 creatures vanquished

Notes
Turn   | Place    | Note
-------+----------+-------------------------------------------
     0 | D:1      | Gargoyl the Gargoyle Berserker began the quest for the Orb.
     0 | D:1      | Reached XP level 1. HP: 14/14 MP: 1/1
     9 | D:1      | Found Siqocudd's Jewellery Boutique.
    53 | D:1      | Found Fuommuhy's Book Shop.
   105 | D:1      | Reached XP level 2. HP: 15/19 MP: 2/2
   109 | D:1      | Reached skill level 3 in Axes
   277 | D:1      | Found Zoarchatu's Weapon Boutique.
   462 | D:1      | Reached XP level 3. HP: 24/24 MP: 3/3
   508 | D:1      | Reached ** piety under Trog
   591 | D:1      | Found Jisiv's Magic Scroll Emporium.
  1520 | D:2      | Reached XP level 4. HP: 22/29 MP: 4/4
  1732 | D:3      | Reached skill level 4 in Axes
  1732 | D:3      | Reached XP level 5. HP: 24/33 MP: 5/5
  1939 | D:3      | Noticed Sigmund
  1974 | D:3      | Killed Sigmund
  1975 | D:3      | Reached skill level 1 in Stealth
  1975 | D:3      | Reached XP level 6. HP: 15/38 MP: 6/6
  2092 | D:3      | Reached skill level 5 in Axes
  2411 | D:3      | You fall into a shaft and drop 3 floors!
  2516 | D:6      | Reached XP level 7. HP: 44/44 MP: 7/7
  2668 | D:5      | Entered Level 5 of the Dungeon
  2678 | D:5      | Noticed Grinder
  2712 | D:5      | Killed Grinder
  2713 | D:5      | Reached skill level 1 in Shields
  2726 | D:4      | Reached skill level 5 in Fighting
  2731 | D:4      | Reached skill level 6 in Axes
  2887 | D:4      | Reached XP level 8. HP: 49/49 MP: 8/8
  2953 | D:4      | Noticed Duvessa
  2953 | D:4      | Noticed Dowan
  2966 | D:4      | Killed Duvessa
  2984 | D:4      | Killed Dowan
  3859 | D:5      | Found Jymnun's Armour Boutique.
  3893 | D:5      | Found a radiant altar of Vehumet.
  3965 | D:5      | Noticed Edmund
  3979 | D:5      | Killed Edmund
  4044 | D:5      | Reached skill level 7 in Axes
  4105 | D:6      | Found Jankium's Distillery.
  4108 | D:6      | Found a hide-covered altar of Uskayaw.
  4142 | D:6      | Reached skill level 5 in Armour
  4142 | D:6      | Reached XP level 9. HP: 42/55 MP: 9/9
  4232 | D:6      | Found a glowing silver altar of Zin.
  4389 | D:6      | Found a staircase to the Ecumenical Temple.
  4522 | D:6      | Found a shimmering altar of Xom.
  4842 | D:7      | Found a transporter.
  4845 | D:7      | Noticed TotallyNotGC's ghost (novice MiBe)
  4848 | D:7      | Noticed a two-headed ogre
  4849 | D:7      | Found a transporter.
  5439 | D:7      | Found Fyotsuadd's Jewellery Shoppe.
  5673 | D:8      | Reached skill level 8 in Axes
  5945 | D:8      | Noticed Joseph
  5960 | D:8      | Killed Joseph
  6140 | D:8      | Reached XP level 10. HP: 61/61 MP: 10/10
  6143 | D:8      | Found the +11 Singing Sword {sonic wave}
  6361 | D:8      | Found Ysabbodgh's Tremendous Tomes.
  6981 | D:9      | Noticed a two-headed ogre
  6983 | D:9      | Identified the ring "Daonoluf" {Fly Str+5}
  6995 | D:9      | Killed a two-headed ogre
  6996 | D:9      | Reached skill level 5 in Shields
  7200 | D:9      | Reached skill level 9 in Axes
  7697 | D:9      | Noticed a two-headed ogre
  7707 | D:9      | Killed a two-headed ogre
  8208 | D:9      | Found a staircase to the Orcish Mines.
  8330 | D:10     | Entered Level 10 of the Dungeon
  8330 | D:10     | Noticed Fannar
  8350 | D:10     | Reached skill level 5 in Dodging
  8353 | D:10     | Killed Fannar
  8354 | D:10     | Reached XP level 11. HP: 68/68 MP: 11/11
  8396 | D:10     | Noticed Maurice
  8401 | D:10     | Noticed Snorg
  8440 | D:10     | Something stole a +5 ring of evasion
  8442 | D:10     | Killed Snorg
  8443 | D:10     | Reached skill level 10 in Axes
  8446 | D:10     | Something stole a +4 spear
  8461 | D:10     | Something stole 590 gold
  8464 | D:10     | Something stole 65 gold
  8522 | D:10     | Killed Maurice
  8761 | D:10     | Found a staircase to the Lair.
  8949 | D:10     | Noticed Maggie
  8970 | D:10     | Killed Maggie
  8971 | D:10     | Reached skill level 1 in Throwing
  9168 | D:10     | Noticed Erica
  9178 | D:10     | Killed Erica
  9305 | Lair:1   | Entered Level 1 of the Lair of Beasts
  9326 | Lair:1   | Noticed Grum
  9337 | Lair:1   | HP: 3/69 [Grum/-1 spear (10)]
  9653 | Lair:1   | Killed Grum
  9654 | Lair:1   | Reached skill level 11 in Axes
 10007 | Lair:1   | Reached XP level 12. HP: 66/75 MP: 12/12
 10248 | Lair:1   | Reached skill level 10 in Armour
 10903 | Lair:2   | Found a staircase to the Snake Pit.
 10925 | Lair:2   | Found a staircase to the Shoals.
 10933 | Lair:2   | Reached skill level 12 in Axes
 10997 | Lair:2   | Slain by a blink frog

Illustrated notes

Levels and vault maps discovered:
D:1:      amcnicky_arrival_choice, layout_basic, serial_shops,
          nicolae_shop_gaudy_bauble, shop, nicolae_shop_pleasant_corner_grove,
          shop, lexackson_kobold_supper
D:2:      layout_rooms, grunt_ministairs_3, nicolae_titane
D:3:      layout_rooms, serial_bayou_pond_a, hellmonk_no_cap, uniq_sigmund
D:4:      layout_rooms, uniq_duvessa
D:5:      layout_basic, mainiacjoe_overflow_concentric_impassable, serial_shops,
          shop, uniq_grinder, uniq_edmund
D:6:      layout_loops_ring, mainiacjoe_overflow_tiny_flanked,
          lemuel_crystal_altar, mainiacjoe_overflow_alcove_4,
          minmay_temple_entry_mini_moons, nicolae_stop_n_shop_2
D:7:      layout_rooms, gammafunk_ghost_smash, serial_shops,
          nicolae_shop_back_alley_shop, minmay_misc_feat_four_crosses,
          serial_library_hellmonk_hallway_a, minmay_misc_feat_chi,
          lemuel_flamethrower_2
D:8:      old_forge, layout_layer_cave, nicolae_shop_i_like_big_books,
          uniq_joseph
D:9:      layout_roguey, hiddenorc1_lemuel
D:10:     layout_rooms, lair_entry_dummy, uniq_maggie, uniq_fannar, uniq_erica,
          uniq_maurice, uniq_snorg
Lair:1:   layout_roguey, chequers_serial_rivers_micro_a,
          minmay_lair_oklob_items, uniq_grum
Lair:2:   layout_cave_pods, minmay_shoals_entry_centaurs,
          guppyfry_snake_entry_island

Skill      XL: |  1  2  3  4  5  6  7  8  9 10 11 12 |
---------------+-------------------------------------+-----
Axes           | 3 4 5 6 7 8 9 11 12 | 12.3
Dodging        | 2 3 4 5 |  5.5
Fighting       | 4 5 6 7 8 9 |  9.7
Stealth        | 1 2 3 |  3.7
Armour         | 3 5 6 8 9 10 | 10.3
Shields        | 1 2 4 5 6 |  6.9
Throwing       | 1 |  1.0
Evocations     | |  0.4

Action                     |  1- 3 |  4- 6 |  7- 9 | 10-12 || total
---------------------------+-------+-------+-------+-------++-------
  Melee: Hand axe          |   134 |   153 |   468 |   355 ||  1110
         War axe           |       |       |       |   322 ||   322
         Unarmed           |       |       |       |     1 ||     1
  Throw: Dart              |       |       |     3 |     8 ||    11
 Invoke: Berserk           |     1 |     3 |    14 |    21 ||    39
         Trog's Hand       |       |     1 |     5 |    16 ||    22
  Evoke: Wand              |       |       |     1 |     4 ||     5
    Use: Scroll            |     3 |     7 |     6 |     4 ||    20
         Potion            |       |       |       |     5 ||     5
   Stab: Paralysed         |       |       |     4 |     5 ||     9
 Armour: Animal skin       |    83 |    66 |       |       ||   149
         Ring mail         |       |    40 |    88 |       ||   128
         Chain mail        |       |       |   289 |   754 ||  1043
         Skin              |       |       |       |     2 ||     2
  Dodge: Dodged            |   110 |    94 |   241 |   496 ||   941
  Block: Other             |       |    15 |    99 |   195 ||   309
         Reflection        |       |       |       |     2 ||     2

Table legend: (Time is in decaauts)
 A = Elapsed time spent in this place.
 B = Non-inter-level travel time spent in this place.
 C = Inter-level travel time spent in this place.
 D = Time resting spent in this place.
 E = Time spent auto-exploring this place.
 F = Levels seen in this place.
 G = Mean time per level.
                   A        B        C        D        E       F      G
               +--------+--------+--------+--------+--------+-----+--------+
         Total |  11285 |  11018 |    267 |    437 |   7459 |  12 |  940.4 |
       Dungeon |   9563 |   9296 |    267 |    393 |   6306 |  10 |  956.3 |
          Lair |   1721 |   1721 |      0 |     44 |   1153 |   2 |  860.5 |
               +--------+--------+--------+--------+--------+-----+--------+

Top non-repeatable levels by time:
  Lair:1: 1604 daAuts
     D:9: 1449 daAuts
     D:8: 1417 daAuts
    D:10: 972 daAuts
     D:1: 960 daAuts
     D:7: 905 daAuts
     D:6: 875 daAuts
     D:5: 858 daAuts
     D:2: 784 daAuts
     D:3: 720 daAuts
     D:4: 618 daAuts
  Lair:2: 116 daAuts
